 Dungeon Crawl Stone Soup version 0.26.1-11-gd32895ea62 (webtiles) character file.

Game seed: 16866745111782930940

248444 summerfriday the Warrior (level 19, -12/155 HPs)
             Began as a Demonspawn Ice Elementalist on July 3, 2021.
             Was a High Priest of Cheibriados.
             Killed from afar by a deep elf annihilator (29 damage)
             ... with an iron shot
             ... on level 3 of the Elven Halls.
             The game lasted 01:05:23 (40345 turns).

summerfriday the Warrior (DsIE)                    Turns: 40345, Time: 01:05:24

Health: -12/155    AC: 20    Str: 33    XL:     19   Next: 25%
Magic:  6/28       EV: 22    Int: 26    God:    Cheibriados [*****.]
Gold:   3060       SH: 17    Dex: 30    Spells: 19/30 levels left

rFire    . . .     SeeInvis .   a - +11 long sword of Valiance {vorpal, Will+ Str+6 Int-3 Dex+3}
rCold    . . .     Faith    .   N - +0 kite shield
rNeg     . . .     Spirit   .   K - +4 troll leather armour {Snorg}
rPois    +         Reflect  .   s - +1 hat
rElec    .         Harm     .   M - +1 cloak
rCorr    .         Rampage  .   f - +2 pair of gloves
Will     ++...                  (boots unavailable)
Stlth    +++.......             C - amulet of regeneration
HPRegen  1.15/turn              S - +4 ring of protection
MPRegen  0.21/turn              x - ring of poison resistance

@: about to teleport, very slow
A: hooves 3, blink, foul stench 1, shaggy fur 1, spiny 3, miasma immunity,
sturdy frame 2
}: 1/15 runes: gossamer
a: Blink, Renounce Religion, Bend Time, Temporal Distortion, Slouch, Step From
Time


You were on level 3 of the Elven Halls.
You worshipped Cheibriados.
Cheibriados was extremely pleased with you.
You visited 6 branches of the dungeon, and saw 31 of its levels.
You also visited: Sewer and Ossuary.

You collected 4135 gold pieces.
You spent 1075 gold pieces at shops.

Inventory:

Hand Weapons
 a - the +11 long sword of Valiance (weapon) {vorpal, Will+ Str+6 Int-3 Dex+3}
   (You found it on level 4 of the Dungeon)

   It inflicts extra damage upon your enemies.
   It affects your strength (+6).
   It affects your intelligence (-3).
   It affects your dexterity (+3).
   It affects your willpower, your defense against some magical effects.
Missiles
 l - 7 javelins (quivered)
 R - 6 silver javelins
Armour
 f - a +2 pair of gloves (worn)
 s - a +1 hat (worn)
 u - a +2 leather armour of cold resistance
 K - a +4 troll leather armour (worn) {Snorg}
 M - a +1 cloak (worn)
 N - a +0 kite shield (worn)
Jewellery
 p - an uncursed ring of protection from fire
 x - a ring of poison resistance (right hand)
 y - an uncursed amulet of magic regeneration
 C - an amulet of regeneration (around neck)
 O - a +6 ring of intelligence
 S - a +4 ring of protection (left hand)
 Z - an uncursed amulet of guardian spirit
Wands
 B - a wand of acid (13)
 D - a wand of iceblast (5)
 F - a wand of polymorph (37)
 I - a wand of enslavement (15)
 Q - a wand of flame (61)
 U - a wand of paralysis (10)
 W - a wand of digging (3)
 Y - a wand of disintegration (15)
Scrolls
 c - 17 scrolls of identify
 e - 8 scrolls of amnesia
 g - 3 scrolls of immolation
 m - 12 scrolls of teleportation
 n - 7 scrolls of blinking
 o - 3 scrolls of enchant armour
 q - 17 scrolls of remove curse
 t - 7 scrolls of enchant weapon
 J - 2 scrolls of fear
 L - 3 scrolls of fog
 V - 3 scrolls of magic mapping
 X - a scroll of summoning
Potions
 d - 2 potions of magic
 h - 7 potions of haste
 i - 8 potions of heal wounds
 j - 8 potions of might
 k - 3 potions of lignification
 r - 11 potions of curing
 v - a potion of resistance
 z - 7 potions of brilliance
 A - 2 potions of attraction
 E - 4 potions of flight
 G - 8 potions of ambrosia
 H - 2 potions of berserk rage
 P - 2 potions of cancellation
 T - 3 potions of mutation
Miscellaneous
 w - a condenser vane (inert)


   Skills:
 - Level 15.2 Fighting
 - Level 4.2(10.1) Short Blades
 - Level 13.7(14.0) Long Blades
 - Level 6.0 Throwing
 - Level 4.0 Armour
 - Level 9.2 Dodging
 - Level 5.0 Stealth
 - Level 15.0 Shields
 - Level 6.0 Spellcasting
 - Level 3.0 Conjurations
 + Level 3.7 Transmutations
 - Level 9.3 Ice Magic
 - Level 13.0 Invocations
 - Level 8.0 Evocations


You had 19 spell levels left.
You knew the following spells:

 Your Spells              Type           Power        Failure   Level
a - Irradiate             Conj/Tmut      12%          43%         5
b - Frozen Ramparts       Ice            100%         1%          3
c - Ozocubu's Armour      Ice            54%          1%          3

Your spell library contained the following spells:

 Spells                   Type           Power        Failure   Level
 Freeze                   Ice            100%         1%          1
 Ensorcelled Hibernation  Hex/Ice        64%          1%          2
 Sting                    Tmut/Pois      68%          3%          1
 Hailstorm                Conj/Ice       39%          5%          4
 Corona                   Hex            7%           7%          1
 Summon Small Mammal      Summ           28%          7%          1
 Summon Ice Beast         Ice/Summ       32%          10%         4
 Poisonous Vapours        Pois/Air       14%          11%         2
 Slow                     Hex            7%           11%         2
 Sublimation of Blood     Necr           3%           11%         2
 Dazzling Flash           Conj/Hex       30%          11%         3
 Static Discharge         Conj/Air       15%          11%         3
 Stone Arrow              Conj/Erth      30%          11%         3
 Ignite Poison            Fire/Tmut/Pois 14%          12%         3
 Mephitic Cloud           Conj/Pois/Air  13%          14%         3
 Confusing Touch          Hex            7%           21%         3
 Inner Flame              Hex/Fire       7%           21%         3
 Portal Projectile        Hex/Tloc       14%          21%         3
 Tukima's Dance           Hex            7%           21%         3
 Petrify                  Tmut/Erth      17%          32%         4
 Animate Dead             Necr           3%           56%         4
 Cause Fear               Hex            3%           56%         4
 Leda's Liquefaction      Hex/Erth       3%           56%         4
 Olgreb's Toxic Radiance  Pois           7%           56%         4
 Alistair's Intoxication  Tmut/Pois      11%          65%         5
 Simulacrum               Ice/Necr       16%          83%         6
 Borgnjor's Vile Clutch   Necr/Erth      3%           88%         5
 Summon Demon             Summ           3%           88%         5
 Eringya's Noxious Bog    Tmut/Pois      8%           99%         6
 Death Channel            Necr           3%           100%        6


Dungeon Overview and Level Annotations

Branches:
Dungeon (15/15)            Temple (1/1) D:5            Lair (6/6) D:10
  Swamp (0/4) Lair:3       Spider (4/4) Lair:4        Slime (0/5) Lair:5
    Orc (2/2) D:10            Elf (3/3) Orc:2        Vaults (0/5) D:13
 Depths (0/5) D:15          Sewer (visited)         Ossuary (visited)

Altars:
Cheibriados
Dithmenos
Elyvilon
Fedhas
Gozag
Hepliaklqana
Kikubaaqudgha
Nemelex Xobeh
Okawaru
Qazlal
Ru
Sif Muna
Trog
Uskayaw
Vehumet
Wu Jian
Xom
Yredelemnul
Zin
The Shining One

Shops:
D:4 }   D:6 *(   D:11 [   Orc:2 !=([   Elf:2 [

Annotations:
D:10 exclusion: oklob plant
D:13 1 runed translucent door, 1 exclusion, Xyoprad's ghost, journeyman FoFi
D:14 Frances
Lair:1 2 transporters, exclusion: 2 ice statues, Ekaitz's ghost, journeyman DsEE
Lair:6 exclusion: 4 oklob plants
Spider:4 1 runed translucent door, bnorton916's ghost, adept FoFi
Elf:2 5 runed translucent doors


Innate Abilities, Weirdness & Mutations

You have hooves in place of feet.
You may emit foul miasma when damaged in melee.
You are completely covered in sharp spines.
You are immune to miasma.
Your movements are less encumbered by armour. (ER -4)
You can translocate small distances at will.
You are covered in fur. (AC +1)


Message History

The deep elf master archer is almost dead.
The deep elf master archer shoots an arrow.
You block the arrow.
A deep elf master archer comes into view.
The deep elf master archer shoots an arrow.
The arrow hits you!
* * * LOW HITPOINT WARNING * * *
Okay, then.
You step out of the flow of time.
Your icy armour cracks and falls away as you move.
You return to the normal time flow.
Cheibriados lowers the support of your attributes as your movement quickens.
A deep elf annihilator comes into view. It is wielding a +0 short sword.
As you read the scroll of teleportation, it crumbles to dust.
You feel strangely unstable.
A deep elf sorcerer comes into view. It is wielding a +0 long sword.
The deep elf annihilator shouts!
You hear a shout! x2
The deep elf annihilator casts a spell at you.
The iron shot hits you!!
You die...

##.' ###..# .#..#
e..## ######### ...#
#........ ..# ##..#
#######..
.....#...## ####''
......)(@.# ##.....
# #######..###()#
#......
.####.....####....##
#......
..).............(..#
##.....
.....#).(#.......###
##....
#........)....####
##.).
####)....).#### ####
#
####)##############
# #()(.....(.....##


You could see a deep elf annihilator.

Vanquished Creatures
  Saint Roka (Orc:2)
  Jorgrun (Orc:2)
  2 deep elf blademasters (Elf:3)
  2 deep elf master archers (Elf:3)
  Kirke (D:14)
  Donald (Orc:2)
  2 deep elf sorcerers (Elf:3)
  4 ghost moths (Spider:4)
  An orc warlord (D:10)
  4 emperor scorpions
  4 deep elf demonologists (Elf:3)
  8 entropy weavers
  A spark wasp (Spider:4)
  4 deep elf annihilators (Elf:3)
  Snorg (Orc:2)
  An ettin (D:15)
  3 deep elf death magi
  Josephine (D:13)
  4 deep elf high priests (Elf:3)
  A vault guard (D:13)
  5 hydras
  4 boulder beetles
  A rakshasa (D:15)
  2 catoblepae
  2 centaur warriors
  22 dancing weapons
  3 two-headed ogres
  A tengu warrior (D:15)
  3 orc high priests (Orc:2)
  16 deep elf knights
  Urug (Orc:1)
  A fire crab (shapeshifter) (Elf:1)
  An unseen horror (D:11)
  A wizard (D:14)
  An unseen horror (shapeshifter) (Elf:1)
  A deep troll (D:15)
  The ghost of Ekaitz the Tainter, a novice OpVM of Dithmenos (D:7)
  Pikel (D:4)
  10 deep elf archers
  2 wolf spider zombies (D:13)
  6 orc knights
  A lindwurm (Lair:6)
  55 deep elf magi
  16 orb spiders
  8 orc sorcerers
  23 wolf spiders
  3 cyclopes (Orc:1)
  5 manticores
  An oklob plant (Lair:6)
  A moth of wrath (Spider:1)
  11 ugly things
  27 elephants
  9 black mambas
  3 torpor snails
  A gargoyle (D:15)
  11 cane toads
  An eye of devastation (Lair:5)
  3 rime drakes
  A centaur skeleton (D:14)
  A yaktaur (shapeshifter) (D:13)
  A yaktaur (D:13)
  13 komodo dragons
  A kobold demonologist (D:15)
  10 demonic crawlers
  A queen bee (Lair:2)
  40 jumping spiders
  A tengu conjurer (D:15)
  4 polar bears (Lair:6)
  3 meliai (Spider:3)
  A meliai (shapeshifter) (Elf:3)
  3 trolls
  14 hornets
  A wind drake (shapeshifter) (D:15)
  Prince Ribbit (D:7)
  A tyrant leech (Lair:3)
  A harpy skeleton (D:13)
  A meliai zombie (D:13)
  4 slime creatures (D:15)
  19 blink frogs
  6 dream sheep (Lair:6)
  13 spriggans (Lair:6)
  95 redbacks
  3 air elementals
  A vampire (D:12)
  4 shadows
  6 wraiths
  Sigmund (D:2)
  3 water elementals
  21 tarantellas
  3 fire elementals
  9 wyverns
  A hog (shapeshifter) (Elf:2)
  A basilisk (shapeshifter) (Elf:2)
  63 yaks
  A hog (D:14)
  8 basilisks
  A vampire mosquito (D:13)
  4 wargs
  7 swamp worms
  2 acid dragons (D:13)
  A soldier ant (D:13)
  24 water moccasins
  Duvessa (D:4)
  4 sky beasts
  4 ice beasts
  A hornet zombie (D:15)
  35 orc warriors
  9 black bears
  3 phantoms
  4 eyes of draining
  A meliai simulacrum (D:15)
  4 boggarts (Lair:6)
  14 ogres
  28 wolves
  A necrophage (D:10)
  10 centaurs
  A lemure (D:4)
  Blork the orc (D:5)
  17 bullfrogs
  2 earth elementals
  4 scorpions
  A troll zombie (D:10)
  Dowan (D:4)
  42 killer bees
  3 electric eels
  23 wights
  4 howler monkeys
  3 bullfrog zombies
  8 hounds
  A quasit (D:7)
  4 centaur zombies
  9 jellies
  14 orc priests
  4 iguanas
  18 orc wizards
  14 worker ants
  5 ogre zombies (D:10)
  2 hound zombies
  2 hound skeletons
  8 mummies (Ossuary)
  Robin (D:4)
  2 worker ant zombies
  3 gnolls (D:9)
  4 river rats (Sewer)
  11 adders
  A howler monkey skeleton (D:6)
  A shadow imp (D:5)
  A white imp (D:8)
  5 ufetubi
  14 oozes
  An adder skeleton (D:5)
  A worm (D:2)
  2 dart slugs (D:1)
  6 leopard geckos
  83 orcs
  6 giant cockroaches
  A gnoll zombie (Ossuary)
  16 goblins
  10 hobgoblins
  6 jackals
  15 kobolds
  5 quokkas
  8 ball pythons
  6 bats
  8 frilled lizards
  A goblin skeleton (D:10)
  4 goblin zombies (D:10)
  2 hobgoblin zombies (Ossuary)
  3 kobold zombies (Ossuary)
  A leopard gecko zombie (D:5)
  6 orc skeletons (D:10)
  10 orc zombies
  15 rats
1280 creatures vanquished.

Vanquished Creatures (collateral kills)
  A black mamba (Lair:3)
  An orc wizard (Orc:2)
2 creatures vanquished.

Vanquished Creatures (others)
  A ghost moth (Spider:4)
  A dancing weapon (Elf:3)
  2 orb spiders
  A demonic crawler (Spider:1)
  A human (D:14)
  An orc wizard (D:14)
  An orc (D:14)
  A bush (D:7)
  46 fungi
  59 plants
114 creatures vanquished.

Grand Total: 1396 creatures vanquished

Notes
Turn   | Place    | Note
-------+----------+-------------------------------------------
     0 | D:1      | summerfriday the Demonspawn Ice Elementalist began the
                  | quest for the Orb.
     0 | D:1      | Reached XP level 1. HP: 13/13 MP: 3/3
   511 | D:1      | Gained mutation: You are partially covered in sharp spines.
                  | [demonic ancestry]
   511 | D:1      | Reached XP level 2. HP: 19/19 MP: 5/5
  1247 | D:1      | Gained mutation: You are immune to miasma. [demonic
                  | ancestry]
  1247 | D:1      | Reached XP level 3. HP: 24/24 MP: 6/6
  1633 | D:2      | Noticed Sigmund
  1639 | D:2      | Learned a level 3 spell: Frozen Ramparts
  1645 | D:2      | Gained mutation: You occasionally shout uncontrollably at
                  | your foes. [potion of mutation]
  1645 | D:2      | Gained mutation: Your mind is acute. (Int +2) [potion of
                  | mutation]
  1645 | D:2      | Gained mutation: You are frail. (-10% HP) [potion of
                  | mutation]
  1645 | D:2      | Gained mutation: Your muscles are strong. (Str +2) [potion
                  | of mutation]
  1650 | D:2      | Killed Sigmund
  1651 | D:2      | Gained mutation: You are mostly covered in sharp spines.
                  | [demonic ancestry]
  1651 | D:2      | Reached XP level 4. HP: 19/27 MP: 0/7
  1651 | D:2      | Gained mutation: You have large cloven feet. [demonic
                  | ancestry]
  1651 | D:2      | Reached XP level 5. HP: 22/31 MP: 0/8
  1792 | D:2      | Learned a level 3 spell: Ozocubu's Armour
  2122 | D:2      | Found a radiant altar of Vehumet.
  2217 | D:2      | Reached skill level 1 in Fighting
  2236 | D:2      | Lost mutation: You are frail. (-10% HP) [potion of
                  | mutation]
  2236 | D:2      | Lost mutation: You occasionally shout uncontrollably at
                  | your foes. [potion of mutation]
  2236 | D:2      | Lost mutation: Your muscles are strong. (Str +2) [potion of
                  | mutation]
  2236 | D:2      | Gained mutation: You do not regenerate when monsters are
                  | visible. [potion of mutation]
  2236 | D:2      | Gained mutation: You expend magic power (3 MP) to
                  | strengthen your wands. [potion of mutation]
  2236 | D:2      | Gained mutation: Your muscles are strong. (Str +2) [potion
                  | of mutation]
  2471 | D:3      | Found an ornate altar of the Wu Jian Council.
  2530 | D:3      | Reached XP level 6. HP: 37/46 MP: 5/9
  2726 | D:3      | Found a blossoming altar of Fedhas.
  3259 | D:4      | Found Qyagonod's Gadget Emporium.
  3332 | D:4      | Noticed Pikel
  3345 | D:4      | Killed Pikel
  3346 | D:4      | Reached XP level 7. HP: 28/59 MP: 4/10
  3360 | D:4      | Reached skill level 1 in Short Blades
  3379 | D:4      | Found a glowing drain.
  3388 | Sewer    | Entered a sewer
  4082 | D:4      | Gained mutation: You have hoof-like feet. [demonic
                  | ancestry]
  4082 | D:4      | Reached XP level 8. HP: 46/65 MP: 4/11
  4672 | D:4      | Noticed Dowan
  4672 | D:4      | Noticed Duvessa
  4682 | D:4      | Killed Dowan
  4692 | D:4      | Killed Duvessa
  4699 | D:4      | Got an ichor-stained long sword
  4700 | D:4      | Identified the +11 long sword of Valiance {vorpal, Will+
                  | Str+6 Int-3 Dex+3} (You found it on level 4 of the Dungeon)
  4880 | D:4      | Noticed Robin
  4882 | D:4      | Reached skill level 1 in Long Blades
  4892 | D:4      | Killed Robin
  5112 | D:5      | Entered Level 5 of the Dungeon
  5231 | D:5      | Found a staircase to the Ecumenical Temple.
  5253 | Temple   | Entered the Ecumenical Temple
  5572 | Temple   | Became a worshipper of Cheibriados the Contemplative
  5599 | D:5      | Noticed Blork the orc
  5605 | D:5      | Killed Blork the orc
  5972 | D:5      | Found a white marble altar of Elyvilon.
  5972 | D:5      | Found a sparkling altar of Nemelex Xobeh.
  6277 | D:5      | Found an opulent altar of Gozag.
  6529 | D:6      | Reached XP level 9. HP: 66/71 MP: 12/12
  6619 | D:6      | Reached skill level 5 in Dodging
  6619 | D:6      | Reached * piety under Cheibriados
  6994 | D:6      | Found Xetusej's Mass Market.
  7078 | D:6      | Reached skill level 1 in Invocations
  7091 | D:6      | Found a glowing golden altar of the Shining One.
  7143 | D:6      | Reached skill level 1 in Evocations
  7187 | D:6      | Reached skill level 1 in Throwing
  7197 | D:6      | Reached ** piety under Cheibriados
  7315 | D:6      | Found Pas Ith's Weapon Shoppe.
  7387 | D:6      | Reached XP level 10. HP: 22/79 MP: 7/13
  7794 | D:7      | Found a sand-covered staircase.
  7800 | Ossuary  | Entered an ossuary
  8625 | D:7      | Noticed Prince Ribbit
  8639 | D:7      | Reached *** piety under Cheibriados
  8684 | D:7      | Reached skill level 5 in Invocations
  8765 | D:7      | Killed Prince Ribbit
  9053 | D:7      | Found a runed translucent gate.
  9053 | D:7      | Found a runed translucent gate.
  9053 | D:7      | Found a runed translucent gate.
  9054 | D:7      | Noticed Ekaitz's ghost (novice OpVM)
  9125 | D:7      | Reached skill level 5 in Evocations
  9769 | D:7      | Found an ornate altar of the Wu Jian Council.
  9967 | D:8      | Reached **** piety under Cheibriados
 10181 | D:8      | Reached skill level 5 in Long Blades
 11195 | D:9      | Reached ***** piety under Cheibriados
 11203 | D:9      | Reached XP level 11. HP: 48/84 MP: 10/17
 11277 | D:9      | Noticed a two-headed ogre
 11421 | D:9      | Found a sacrificial altar of Ru.
 11662 | D:9      | Noticed a two-headed ogre
 11669 | D:9      | Killed a two-headed ogre
 12056 | D:10     | Entered Level 10 of the Dungeon
 12330 | D:9      | Killed a two-headed ogre
 12553 | D:10     | Found a staircase to the Lair.
 12566 | D:10     | Reached ****** piety under Cheibriados
 12776 | D:10     | Found a staircase to the Orcish Mines.
 13143 | D:10     | Noticed an oklob plant
 13364 | D:11     | Noticed a catoblepas
 13634 | D:11     | Killed a catoblepas
 13781 | D:11     | Found Ceruhogh's Antique Armour Shop.
 13783 | D:11     | Noticed a cyan ugly thing
 13792 | D:11     | Killed a cyan ugly thing
 13793 | D:11     | Gained mutation: Your movements are slightly less
                  | encumbered by armour. (ER -2) [demonic ancestry]
 13793 | D:11     | Reached XP level 12. HP: 79/94 MP: 9/18
 13857 | D:11     | Bought an embroidered cloak for 180 gold pieces
 14247 | D:11     | Noticed a four-headed hydra
 14256 | D:11     | Killed a seven-headed hydra
 15105 | D:12     | Reached skill level 10 in Fighting
 15417 | D:12     | Noticed a boulder beetle
 15482 | D:12     | Killed a boulder beetle
 16140 | D:13     | Noticed a five-headed hydra
 16525 | D:7      | Killed Ekaitz's ghost
 16742 | Orc:1    | Entered Level 1 of the Orcish Mines
 16767 | Orc:1    | Reached skill level 10 in Invocations
 17093 | Orc:1    | You fall into a shaft and drop 1 floor!
 17093 | Orc:2    | Entered Level 2 of the Orcish Mines
 17113 | Orc:2    | Noticed Donald
 17126 | Orc:2    | Killed Donald
 17316 | Orc:2    | Reached skill level 1 in Shields
 17532 | Orc:2    | Noticed Saint Roka
 17540 | Orc:1    | Noticed an orc warlord
 18012 | D:13     | Gained mutation: You may emit foul miasma when damaged in
                  | melee. [demonic ancestry]
 18012 | D:13     | Reached XP level 13. HP: 79/103 MP: 18/21
 18106 | D:13     | Noticed Josephine
 18112 | D:13     | Killed Josephine
 18493 | D:13     | Found a runed translucent door.
 18494 | D:13     | Found a shimmering altar of Xom.
 18494 | D:13     | Noticed Xyoprad's ghost (journeyman FoFi)
 18743 | D:13     | Reached skill level 10 in Long Blades
 18762 | D:13     | Found a gate to the Vaults.
 19268 | D:13     | Reached skill level 5 in Shields
 20071 | D:14     | Noticed Kirke
 20080 | D:14     | Killed Kirke
 20201 | D:14     | Noticed Frances
 20639 | D:10     | Killed an orc warlord
 21082 | Orc:1    | Noticed Urug
 21096 | Orc:1    | Killed Urug
 21096 | Orc:1    | HP: 3/103 [cyclops/large rock (30)]
 21595 | Orc:2    | Found a staircase to the Elven Halls.
 21598 | Orc:2    | Noticed Jorgrun
 21895 | D:14     | Lost mutation: You expend magic power (3 MP) to strengthen
                  | your wands. [potion of mutation]
 21895 | D:14     | Lost mutation: Your muscles are strong. (Str +2) [potion of
                  | mutation]
 21895 | D:14     | Lost mutation: Your mind is acute. (Int +2) [potion of
                  | mutation]
 21895 | D:14     | Gained mutation: You possess an exceptional clarity of
                  | mind. [potion of mutation]
 21895 | D:14     | Gained mutation: Your mind is acute. (Int +2) [potion of
                  | mutation]
 21896 | D:14     | Lost mutation: Your mind is acute. (Int +2) [potion of
                  | mutation]
 21896 | D:14     | Lost mutation: You do not regenerate when monsters are
                  | visible. [potion of mutation]
 21896 | D:14     | Lost mutation: You possess an exceptional clarity of mind.
                  | [potion of mutation]
 21896 | D:14     | Gained mutation: You are covered in fur. (AC +1) [potion of
                  | mutation]
 21896 | D:14     | Gained mutation: You can translocate small distances at
                  | will. [potion of mutation]
 22101 | D:15     | Entered Level 15 of the Dungeon
 22304 | D:15     | Noticed an ettin
 22311 | D:15     | Killed an ettin
 22312 | D:15     | Gained mutation: You have hooves in place of feet. [demonic
                  | ancestry]
 22312 | D:15     | Reached XP level 14. HP: 43/110 MP: 15/22
 22642 | D:15     | Found a staircase to the Depths.
 22670 | D:15     | Found a shadowy altar of Dithmenos.
 23781 | D:15     | Reached skill level 10 in Shields
 23781 | D:15     | Reached XP level 15. HP: 115/115 MP: 23/23
 24086 | Lair:1   | Entered Level 1 of the Lair of Beasts
 24534 | Lair:1   | Noticed Ekaitz's ghost (journeyman DsEE)
 24535 | Lair:1   | Found a transporter.
 24537 | Lair:1   | Found a transporter.
 27060 | Lair:3   | Found a staircase to the Swamp.
 27600 | Lair:4   | Found a hole to the Spider Nest.
 28492 | Lair:5   | Gained mutation: You are completely covered in sharp
                  | spines. [demonic ancestry]
 28492 | Lair:5   | Reached XP level 16. HP: 122/122 MP: 24/24
 28947 | Lair:5   | Found a staircase to the Slime Pits.
 29263 | Lair:6   | Entered Level 6 of the Lair of Beasts
 29853 | Lair:6   | Reached skill level 15 in Shields
 30381 | Lair:6   | Found the +27 Lear's hauberk
 31658 | Orc:2    | Found a shimmering altar of Xom.
 31663 | Orc:2    | Killed Saint Roka
 31902 | Orc:2    | Killed Jorgrun
 32249 | Orc:2    | Noticed Snorg
 32309 | Orc:2    | Found Irou's Antique Armour Shop.
 32598 | Orc:2    | Found Adumax's Antique Weapon Shoppe.
 32602 | Orc:2    | Bought a warped helmet for 294 gold pieces
 32612 | Orc:2    | Identified the +0 helmet of the Garden {Int+3} (You bought
                  | it in a shop on level 2 of the Orcish Mines)
 32623 | Orc:2    | Bought a pair of runed gloves for 232 gold pieces
 32637 | Orc:2    | Found Radidiar's Jewellery Shoppe.
 32639 | Orc:2    | Found Failog's Distillery.
 32645 | Orc:2    | Bought an uncursed amulet of regeneration for 330 gold
                  | pieces
 32659 | Orc:2    | Bought a potion of curing for 39 gold pieces
 32730 | Orc:2    | Killed Snorg
 32873 | Spider:1 | Entered Level 1 of the Spider Nest
 33144 | Spider:1 | Reached XP level 17. HP: 116/131 MP: 19/25
 33659 | Spider:2 | Reached skill level 1 in Armour
 34018 | Spider:3 | Got a jewelled fustibalus
 34019 | Spider:3 | Identified the +6 fustibalus "Onlo" {vorpal, +Fly rC+ Str-3
                  | Int+3} (You found it on level 3 of the Spider Nest)
 34629 | Spider:4 | Entered Level 4 of the Spider Nest
 35192 | Spider:4 | HP: 5/137 [something (5)]
 35495 | Spider:4 | Found a runed translucent door.
 35495 | Spider:4 | Found a shimmering altar of Xom.
 35495 | Spider:4 | Noticed bnorton916's ghost (adept FoFi)
 35863 | Spider:4 | Gained mutation: Your movements are less encumbered by
                  | armour. (ER -4) [demonic ancestry]
 35863 | Spider:4 | Reached XP level 18. HP: 65/147 MP: 1/26
 36068 | Spider:4 | Got a gossamer rune of Zot
 36492 | Elf:1    | Entered Level 1 of the Elven Halls
 36549 | Elf:1    | Reached skill level 15 in Fighting
 36912 | Elf:1    | You fall into a shaft and drop 1 floor!
 37116 | Elf:2    | Found the +6 arbalest "Damnation" {damnation}
 37294 | Elf:2    | Found Xeptug's Armour Boutique.
 37476 | Elf:2    | Found a huge runed translucent gate.
 37476 | Elf:2    | Found a huge runed translucent gate.
 37486 | Elf:2    | Found a huge runed translucent gate.
 37565 | Elf:2    | Found a huge runed translucent gate.
 37565 | Elf:2    | Found a huge runed translucent gate.
 37719 | Elf:1    | Reached skill level 5 in Spellcasting
 37834 | Elf:1    | Found a shimmering blue altar of Sif Muna.
 38488 | Elf:1    | Identified the Guide on Supportive Conjuration
 38702 | Elf:3    | Entered Level 3 of the Elven Halls
 38715 | Elf:2    | Reached skill level 5 in Throwing
 39137 | Elf:3    | Reached skill level 5 in Stealth
 39405 | Elf:3    | Learned a level 5 spell: Irradiate
 39582 | Elf:3    | Reached skill level 1 in Conjurations
 39582 | Elf:3    | Reached skill level 1 in Transmutations
 39600 | Elf:3    | Reached XP level 19. HP: 67/155 MP: 21/28
 39933 | Elf:3    | Identified the cursed +1 leather armour of the Game Afoot
                  | {+Inv Dex+2}
 40151 | Elf:3    | Identified the cursed +1 falchion "Porghuf" {freeze,
                  | *Corrode +Fly rElec Dex+7}
 40345 | Elf:3    | Killed from afar by a deep elf annihilator

Illustrated notes

Levels and vault maps discovered:
D:1:      onia_arrival_pentagram, layout_loops_ring, serial_bayou,
          serial_bayou_shore_a, serial_bayou_shore_b, serial_bayou_shore_b,
          serial_bayou_lagoon_a, st_stairs_13, dk_noncrumbling_4
D:2:      minmay_angry_zag, layout_rooms, lemuel_doored_altar, uniq_sigmund
D:3:      layout_basic, old_standard_altar, nicolae_overflow_crystal_walls
D:4:      layout_cave_pools, cheibrodos_sewer_entry_sluice, serial_shops,
          nicolae_shop_statue_plus, uniq_robin, uniq_pikel, uniq_duvessa
D:5:      wander_river, layout_basic, grunt_gozag_breadcrumbs, minitemple,
          minmay_temple_entry_mist, uniq_blork_the_orc
D:6:      layout_basic, general_overflow_altar, serial_shops,
          nicolae_shop_crystal, minmay_shop_mass
D:7:      layout_basic, nicolae_ossuary_entry_monument, basic_altar,
          gammafunk_ghost_necromancy, kb_lookout_dungeons_type,
          uniq_prince_ribbit1
D:8:      layout_basic, kennysheep_generic_room_15
D:9:      layout_stronghold, hangedman_ru_absence
D:10:     lemuel_slime, layout_cave_pools, minmay_lair_entry_grove,
          zombieorc1_lemuel
D:11:     nzn_motion_control, layout_cave_pods, serial_shops, shop, st_stairs_3,
          hangedman_decor_diamond_cutter
D:12:     layout_roguey, chequers_serial_rivers_marsh
D:13:     layout_loops_ring, david_vaults_5, ebering_ghost_xom,
          lemuel_nasty_fountain, uniq_josephine
D:14:     layout_gridville, serial_shops, nicolae_shop_waterfront, minivault_14,
          st_stairs_8, uniq_frances, uniq_kirke
D:15:     hangedman_depths_entry_civil_slaughter, layout_loops_cross,
          nicolae_dithmenos_shadow_blocks
Temple:   minmay_temple_curvy_branch
Lair:1:   layout_long_grid, nzn_ghost_randoct, patterned_corridor
Lair:2:   regret_index_bee_streams, layout_layer_cave, gauntlet_entry_generic,
          infiniplex_staircase_pool, grunt_megastairs_3
Lair:3:   layout_regular_city, minmay_swamp_entry_worms
Lair:4:   layout_roguey, spider_nest_entry_webs, worms_lemuel,
          infiniplex_staircase_pool_2
Lair:5:   layout_loops_ring, minmay_slime_entry_eyes
Lair:6:   minmay_lair_end_enchanted_forest, layout_cave_pods,
          serial_bayou_pond_e, minmay_lair_oklob_chamber, grunt_megastairs_2
Spider:1: layout_spider_delve
Spider:2: layout_spider_delve
Spider:3: layout_spider_delve, drop_trap, nicolae_spider_webs_and_nodes
Spider:4: spider_rune_water, ebering_ghost_xom
Orc:1:    layout_caves, uniq_urug
Orc:2:    st_orc_elflike, layout_caves, basic_altar, minmay_orc_keep,
          uniq_jorgrun, uniq_snorg, uniq_saint_roka, uniq_donald
Elf:1:    layout_loops_corners, basic_altar,
          hangedman_elven_crosses_minicolossus, chequers_hall_statues_y,
          serial_sigils_hangedman_gut, minmay_elf_sorcery
Elf:2:    layout_geoelf_diagonals, serial_shops, nicolae_shop_trees,
          nicolae_elf_m_pinch
Elf:3:    minmay_elf_hall_furrowed, layout_gridlike

Skill      XL: |  1  2  3  4  5  6  7  8  9 10 11 12 13 14 15 16 17 18 19 |
---------------+----------------------------------------------------------+-----
Ice Magic      | 4 6 9 |  9.3
Fighting       | 2 6 7 8 10 11 14 15 | 15.2
Short Blades   | 2 4 |  4.2
Long Blades    | 4 7 8 9 11 12 13 | 13.7
Dodging        | 3 7 9 |  9.2
Invocations    | 3 5 11 12 13 | 13.0
Evocations     | 2 5 7 8 |  8.0
Throwing       | 2 3 5 6 |  6.0
Spellcasting   | 4 6 |  6.0
Shields        | 2 7 10 13 15 | 15.0
Armour         | 4 |  4.0
Stealth        | 5 |  5.0
Conjurations   | 1 3 |  3.0
Transmutations | 1 3 |  3.7

Action                   |  1- 3 |  4- 6 |  7- 9 | 10-12 | 13-15 | 16-18 | 19-21 || total
-------------------------+-------+-------+-------+-------+-------+-------+-------++-------
Melee: Spear             |    64 |    72 |       |       |       |       |       ||   136
       Dagger            |     2 |    12 |   104 |       |    24 |    12 |       ||   154
       Long sword        |       |       |   107 |   370 |   470 |   946 |    47 ||  1940
       Kick              |       |       |       |       |   199 |   574 |    28 ||   801
Throw: Javelin           |       |       |       |     1 |     6 |    14 |     7 ||    28
 Cast: Freeze            |    18 |     6 |       |       |       |       |       ||    24
       Frozen Ramparts   |     1 |     4 |     7 |    17 |    15 |    14 |     1 ||    59
       Ozocubu's Armour  |       |     1 |     5 |    20 |    21 |    16 |     2 ||    65
Invok: Slouch            |       |       |       |     3 |     2 |    12 |     6 ||    23
       Step From Time    |       |       |       |     1 |     2 |       |     1 ||     4
       Temporal Distorti |       |       |       |     1 |       |     1 |       ||     2
       Bend Time         |       |       |       |       |     1 |     6 |       ||     7
Evoke: Wand              |       |       |       |     9 |    10 |    24 |     6 ||    49
       Condenser vane    |       |       |       |       |     1 |     2 |     1 ||     4
  Use: Potion            |     2 |     1 |     1 |       |     5 |     3 |       ||    12
       Scroll            |       |    11 |     4 |    13 |     7 |    11 |     1 ||    47
 Stab: Sleeping          |     2 |     2 |    12 |    10 |    11 |    12 |     1 ||    50
       Distracted        |       |       |       |     3 |     4 |     5 |       ||    12
       Paralysed         |       |       |       |     3 |       |     7 |       ||    10
       Confused          |       |       |       |       |       |    10 |       ||    10
       Fleeing           |       |       |       |       |       |     1 |       ||     1
Armor: Robe              |     6 |    11 |    45 |    11 |       |       |       ||    73
       Leather armour    |       |       |       |    66 |   111 |    47 |       ||   224
       Troll leather arm |       |       |       |       |       |   210 |     8 ||   218
Dodge: Dodged            |    32 |    39 |   121 |   374 |   356 |   636 |    13 ||  1571
Block: Other             |       |       |       |    36 |    46 |       |       ||    82
       Reflection        |       |       |       |     2 |    12 |    14 |       ||    28
       Kite shield       |       |       |       |       |   533 |  1027 |    19 ||  1579
       Rpst.: Long sword |       |       |    20 |    97 |    81 |   117 |     1 ||   316
